 Dungeon Crawl Stone Soup version 0.18.1-48-g4cf74bf (webtiles) character file.

208 KarvaRausku the Gusty (level 5, -2/40 HPs)
             Began as a Demigod Air Elementalist on Aug 14, 2016.
             Killed from afar by an orc wizard (7 damage)
             ... with a magic dart
             ... on level 3 of the Dungeon.
             The game lasted 00:13:39 (2872 turns).

KarvaRausku the Gusty (Demigod Air Elementalist)    Turns: 2872, Time: 00:13:39

Health: -2/40      AC:  3    Str: 11    XL:     5   Next: 29%
Magic:  11/12      EV: 12    Int: 21    God:
Gold:   117        SH:  0    Dex: 16    Spells: 2 memorised, 6 levels left

rFire  . . .     SeeInvis .     v - +0 trident
rCold  . . .     Gourm    .     n - +0 leather armour
rNeg   . . .     Faith    .     (no shield)
rPois  +         Spirit   .     (no helmet)
rElec  .         Dismiss  .     (no cloak)
rCorr  .         Reflect  .     (no gloves)
SustAt +         Harm     .     (no boots)
MR     .....                    (no amulet)
Stlth  ++........               (no ring)
                                x - ring of poison resistance

@: not resistant to hostile enchantments, unstealthy
A: high mp 1, sustain attributes
a: no special abilities


You were on level 3 of the Dungeon.
You were not hungry.

You visited 1 branch of the dungeon, and saw 3 of its levels.

You collected 117 gold pieces.

Inventory:

Hand Weapons
 d - a +0 dagger
 e - a +0 club
 f - a +0 spear
 k - a +0 whip
 r - a +0 hunting sling
 v - a +0 trident (weapon)
Missiles
 s - 41 stones (quivered)
Armour
 a - a +0 robe
 n - a +0 leather armour (worn)
Jewellery
 x - a ring of poison resistance (left hand)
Scrolls
 h - a scroll of noise {unknown}
 i - 4 scrolls of identify {unknown}
 j - a scroll of magic mapping {unknown}
 l - 3 scrolls of remove curse {unknown}
 o - 2 scrolls of teleportation {unknown}
 u - a scroll of amnesia {unknown}
 w - a scroll of fog {unknown}
 y - a scroll of blinking {unknown}
Potions
 g - a potion of magic {unknown}
 m - 2 potions of cure mutation
 t - a potion of invisibility {unknown}
 A - a potion of haste {unknown}
Books
 b - a book of Air

   Spells                             Type                      Level
   a - Shock                          Conjuration/Air              1
   b - Swiftness                      Charms/Air                   2
   c - Repel Missiles                 Charms/Air                   2
   d - Static Discharge               Conjuration/Air              3
   e - Lightning Bolt                 Conjuration/Air              5
Comestibles
 c - 4 bread rations
 p - a beef jerky
 q - 5 slices of pizza
 B - 2 meat rations


   Skills:
 + Level 1.2 Fighting
 - Level 0.8 Short Blades
 + Level 1.2 Polearms
 + Level 2.2 Dodging
 - Level 1.7 Stealth
 + Level 2.7 Spellcasting
 + Level 2.4 Conjurations
 + Level 3.5 Air Magic


You had 6 spell levels left.
You knew the following spells:

 Your Spells              Type           Power        Failure   Level  Hunger
a - Shock                 Conj/Air       ###.         6%          1    None
b - Swiftness             Chrm/Air       ##......     17%         2    ##.....


Dungeon Overview and Level Annotations

Branches:
Dungeon (3/15)


Innate Abilities, Weirdness & Mutations

You have an increased reservoir of magic (+10% MP).
Your attributes are resistant to harm.


Message History

Something tries to affect you, but you resist.
The orc wizard closely misses you. Something hits you but does no damage.
You closely miss the orc wizard.
The orc wizard is almost dead.
The orc wizard hits you but does no damage.
The orc wizard hits you with a dagger. Something hits you.
You hit the orc wizard but do no damage.
The orc wizard is almost dead.
The orc wizard hits you with a dagger. Something completely misses you.
The orc wizard casts a spell at you. The magic dart hits you!
* * * LOW HITPOINT WARNING * * *
You are too injured to fight recklessly!
Unknown command.
Unknown command.
The orc wizard hits you with a dagger.
* * * LOW HITPOINT WARNING * * *
The orc wizard gestures at you while chanting.
The magic dart hits you!
You die...

..##....# #.###.#
._.#....### #..##.#
..##.)....# ##.##.#
.##.......# #..#.#
..........# ##.#.#
##........# #.#.#
#........######.#.#
#.................#
#.........#####@..##
#########.#...o....+
#.#.#....>##
#.#.#.#####
######.#.#o#
#......#.#.#
#......#.#.#
#####......#.#.#
....#......'.#.#


You could see an orc wizard and an orc.

Vanquished Creatures
  Ijyb (D:2)
  7 gnolls
  4 adders
  2 worms (D:3)
  A dart slug (D:1)
  3 giant geckos
  A ball python (D:1)
  9 bats
  3 giant cockroaches (D:1)
  9 goblins
  3 hobgoblins
  5 jackals
  8 kobolds
  3 giant newts
  11 rats
70 creatures vanquished.

Notes
Turn   | Place    | Note
--------------------------------------------------------------
     0 | D:1      | KarvaRausku the Demigod Air Elementalist began the quest for the Orb.
     0 | D:1      | Reached XP level 1. HP: 14/14 MP: 5/5
    23 | D:1      | Reached skill level 1 in Conjurations
    38 | D:1      | Reached skill level 3 in Air Magic
   383 | D:1      | Reached XP level 2. HP: 17/20 MP: 5/7
   540 | D:1      | Learned a level 2 spell: Swiftness
   748 | D:1      | Reached XP level 3. HP: 12/27 MP: 1/8
   859 | D:1      | HP: 1/27 [gnoll/whip (7)]
  1864 | D:3      | Noticed Ijyb
  1881 | D:2      | Reached XP level 4. HP: 12/34 MP: 1/10
  2116 | D:2      | Killed Ijyb
  2116 | D:2      | Reached skill level 1 in Polearms
  2356 | D:3      | Reached skill level 1 in Fighting
  2432 | D:3      | Reached XP level 5. HP: 36/40 MP: 1/11
  2510 | D:3      | Found a shimmering altar of Xom.
  2779 | D:3      | Found a shadowy altar of Dithmenos.
  2872 | D:3      | Killed from afar by an orc wizard

Skill      XL: |  1  2  3  4 |
---------------+-------------+-----
Conjurations   | 1 2 |  2.4
Air Magic      | 3 |  3.5
Spellcasting   | 2 |  2.7
Dodging        | 2 |  2.2
Polearms       | 1 |  1.2
Fighting       | 1 |  1.2
Short Blades   | |  0.8
Stealth        | |  1.7

Action                   |  1- 3 |  4- 6 || total
-------------------------+-------+-------++-------
Melee: Unarmed           |    20 |       ||    20
       Dagger            |    56 |       ||    56
       Trident           |    16 |    58 ||    74
       Spear             |    10 |       ||    10
 Cast: Shock             |    58 |    30 ||    88
       Swiftness         |     4 |     1 ||     5
  Use: Potion            |       |     1 ||     1
 Stab: Sleeping          |     4 |     1 ||     5
  Eat: Chunk             |     3 |     4 ||     7
Armor: Robe              |    31 |       ||    31
       Leather armour    |     5 |    14 ||    19
Dodge: Dodged            |    90 |    43 ||   133
